 Dungeon Crawl Stone Soup version 0.21.1-1-g345015f (webtiles) character file.

261 Kairos the Chopper (level 6, -3/48 HPs)
             Began as a Human Fighter on Apr 3, 2018.
             Killed from afar by an orc wizard (8 damage)
             ... with a magic dart
             ... on level 4 of the Dungeon.
             The game lasted 00:04:03 (2160 turns).

Kairos the Chopper (Human Fighter)                  Turns: 2160, Time: 00:04:04

Health: -3/48      AC: 10    Str: 17    XL:     6   Next: 42%
Magic:  6/6        EV:  5    Int:  8    God:
Gold:   171        SH:  9    Dex: 14    Spells: 5/5 levels left

rFire    + . .     SeeInvis .   a - +0 war axe
rCold    . . .     Gourm    .   c - +0 shield
rNeg     . . .     Faith    .   g - +1 chain mail {rF+}
rPois    .         Spirit   .   (no helmet)
rElec    .         Reflect  .   (no cloak)
rCorr    .         Harm     .   (no gloves)
MR       .....                  (no boots)
Stlth    ..........             (no amulet)
HPRegen  0.16/turn              (no ring)
MPRegen  0.10/turn              (no ring)

@: no status effects
A: no striking features
a: no special abilities


You were on level 4 of the Dungeon.
You were hungry.

You visited 1 branch of the dungeon, and saw 4 of its levels.

You collected 171 gold pieces.

Inventory:

Hand Weapons
 a - a +0 war axe (weapon)
Armour
 c - a +0 shield (worn)
 g - a +1 chain mail of fire resistance (worn)
Wands
 b - a wand of random effects (13)
 n - a wand of flame (33)
 r - a wand of clouds (4)
Scrolls
 e - a scroll of amnesia
 k - a scroll of blinking {unknown}
 l - 2 scrolls of remove curse {unknown}
 o - 2 scrolls of noise {unknown}
 t - 2 scrolls of teleportation {unknown}
 u - a scroll of enchant weapon {unknown}
Potions
 d - a potion of might
 h - 2 potions of heal wounds
 i - a potion of flight {unknown}
 j - a potion of resistance {unknown}
 m - a potion of lignification {unknown}
 p - a potion of cancellation {unknown}
 q - a potion of brilliance {unknown}
 s - a potion of mutation {unknown}
Comestibles
 f - 9 rations


   Skills:
 + Level 3.9 Fighting
 + Level 4.2 Axes
 + Level 3.6 Armour
 + Level 1.1 Dodging
 + Level 0.1 Stealth
 + Level 4.1 Shields


You had 5 spell levels left.
You didn't know any spells.

Dungeon Overview and Level Annotations

Branches:
Dungeon (4/15)
 Temple: D:4-7

Altars:
Cheibriados
Qazlal
Sif Muna
Xom


Message History

The orc wizard hits you but does no damage.
Unknown command.
You block the orc wizard's attack. x2
Things that are here:
a dagger; a robe Unknown command.
You barely miss the orc wizard.
The orc wizard is moderately wounded.
The orc wizard is no longer moving quickly.
The orc wizard hits you but does no damage. x3
You miss the orc wizard.
The orc wizard is moderately wounded.
You feel yourself speed up.
The orc wizard hits you but does no damage.
You block the orc wizard's attack. x2
You slash the orc wizard!
The orc wizard is almost dead.
The orc wizard casts a spell at you. The magic dart hits you!
You die...

#. #.#.# .##.#.# ..... ##
#...# .. #...# #. #...# .
#.#####...##### ...
#..##.#......@....####.....
#.....[.......o..........<.
#..##.#<......†...###......
...#####...##### ###..
..### #.(.# ... #...# .#
#...# ##.## #.#


You could see an orc wizard.

Vanquished Creatures
  A bullfrog (D:3)
  An orc wizard (D:4)
  4 gnolls (D:2)
  2 adders (D:2)
  An ooze (D:1)
  A worm (D:2)
  3 dart slugs
  5 leopard geckos
  6 orcs
  2 ball pythons
  5 bats
  3 giant cockroaches
  7 goblins
  7 hobgoblins
  9 jackals
  10 kobolds
  5 frilled lizards
  6 rats
78 creatures vanquished.

Notes
Turn   | Place    | Note
-------+----------+-------------------------------------------
     0 | D:1      | Kairos the Human Fighter began the quest for the Orb.
     0 | D:1      | Reached XP level 1. HP: 18/18 MP: 1/1
    68 | D:1      | Reached XP level 2. HP: 24/24 MP: 2/2
   186 | D:1      | Found a shimmering altar of Xom.
   299 | D:1      | Reached XP level 3. HP: 26/29 MP: 3/3
   541 | D:2      | Reached XP level 4. HP: 31/35 MP: 4/4
   543 | D:2      | Found a snail-covered altar of Cheibriados.
   623 | D:2      | Reached skill level 1 in Dodging
   623 | D:2      | Reached XP level 5. HP: 33/41 MP: 5/5
  1407 | D:3      | Found a stormy altar of Qazlal.
  1476 | D:3      | Noticed a bullfrog
  1488 | D:3      | Killed a bullfrog
  1488 | D:3      | Reached XP level 6. HP: 38/48 MP: 6/6
  1707 | D:3      | Found a deep blue altar of Sif Muna.
  2160 | D:4      | Killed from afar by an orc wizard

Skill      XL: |  1  2  3  4  5  6 |
---------------+-------------------+-----
Axes           | 3 4 |  4.2
Dodging        | 1 |  1.1
Shields        | 4 |  4.1
Fighting       | |  3.9
Armour         | |  3.6
Stealth        | |  0.1

Action                   |  1- 3 |  4- 6 || total
-------------------------+-------+-------++-------
Melee: War axe           |    83 |   175 ||   258
Evoke: Wand              |       |     2 ||     2
  Use: Scroll            |       |     3 ||     3
  Eat: Chunk             |       |     4 ||     4
Armor: Scale mail        |     8 |       ||     8
       Chain mail        |    50 |   122 ||   172
Dodge: Dodged            |    21 |    32 ||    53
Block: Shield            |    45 |   112 ||   157
